 Dungeon Crawl Stone Soup version 0.31-a0-204-g7da18cac08 (webtiles) character file.

Game seed: 10484507648727588901

1572 NinjaNoafa the Basher (level 8, -18/66 HPs)
             Began as an Armataur Fighter on June 26, 2023.
             Killed by an exploding gnoll (36 damage)
             ... ignited by their inner flame
             ... on level 6 of the Dungeon on June 27, 2023.
             The game lasted 00:13:41 (4040 turns).

NinjaNoafa the Basher (Armataur Fighter)            Turns: 4040, Time: 00:13:41

Health: -18/66     AC:  9    Str: 24    XL:     8   Next: 59%
Magic:  8/8        EV:  6    Int:  8    God:
Gold:   149        SH:  7    Dex: 10    Spells: 7/7 levels left

rFire   . . .        a - +0 flail
rCold   . . .        c - +3 buckler
rNeg    + . .        j - +0 chain mail
rPois   .            (no helmet)
rElec   .            (no cloak)
rCorr   .            B - +0 pair of gloves
SInv    .            (no barding)
Will    +....        (no amulet) Stlth
                     y - ring of willpower
HPRegen 0.31/turn    i - ring of positive energy
MPRegen 0.11/turn

%: roll
@: lethally poisoned (-18 -> -31)
A: large, rugged brown scales 3, deformed body, armoured tail, roll, long
tongue, awkward tongue
a: no special abilities


You were on level 6 of the Dungeon.
You visited 1 branch of the dungeon, and saw 6 of its levels.
You also visited: Sewer.

You collected 359 gold pieces.
You spent 210 gold pieces at shops.

Inventory:

Hand Weapons
 a - a +0 flail (weapon)
Missiles
 k - 11 boomerangs (quivered)
 F - a throwing net
Armour
 c - a +3 buckler (worn)
 j - a +0 chain mail (worn)
 B - a +0 pair of gloves (worn)
Jewellery
 f - a ring of protection from cold
 i - a ring of positive energy (right hand)
 y - a ring of willpower (left hand)
Wands
 v - a wand of charming (5)
Scrolls
 e - 3 scrolls of fog {unknown}
 g - 2 scrolls of poison {unknown}
 h - 2 scrolls of brand weapon {unknown}
 m - 3 scrolls of teleportation
 n - a scroll of immolation
 o - a scroll of noise {unknown}
 t - a scroll of silence {unknown}
 u - a scroll of summoning {unknown}
 x - 2 scrolls of amnesia {unknown}
 C - a scroll of enchant weapon {unknown}
 D - a scroll of fear {unknown}
 G - a scroll of vulnerability
Potions
 b - a potion of curing
 d - 6 potions of might
 l - a potion of magic
 p - a potion of cancellation
 q - 2 potions of berserk rage
 r - 3 potions of heal wounds {unknown}
 s - a potion of enlightenment {unknown}
 w - a potion of brilliance {unknown}
 z - a potion of lignification
 A - 3 potions of haste {unknown}
 E - a potion of invisibility {unknown}


   Skills:
 - Level 2.6 Fighting
 + Level 10.1 Maces & Flails
 - Level 3.6 Armour
 - Level 3.2 Shields


You had 7 spell levels left.
You didn't know any spells.
Your spell library contained the following spells:

 Spells                   Type           Power      Damage    Failure   Level
 Apportation              Tloc           0%         N/A       96%         1
 Necrotise                Necr           0%         1d4       96%         1
 Sandblast                Erth           0%         2d4       96%         1
 Summon Small Mammal      Summ           0%         N/A       96%         1
 Passwall                 Tmut/Erth      0%         N/A       99%         2
 Stone Arrow              Conj/Erth      0%         3d7       100%        3


Dungeon Overview and Level Annotations

Branches:
Dungeon (6/15) Zot: 26439   Sewer (visited)
 Temple: D:4-7

Altars:
Cheibriados
Qazlal

Shops:
D:4 *   D:6 [?

Portals:
Abyss: D:3

Annotations:
D:3 2 transporters


Innate Abilities, Weirdness & Mutations

You are completely covered in rugged brown scales. (AC +3, +7% HP)
Armour fits poorly on your strangely shaped body.
You have a long armoured tail.
You roll when moving toward enemies. (Rampage)
Your long tongue fully drains potion bottles. (2x potion effects)
Your tongue gives you trouble enunciating. (1.5x scroll delay)


Message History

The boomerang completely misses the gnoll.
The boomerang hits the gnoll.
You feel sick. The gnoll hits you but does no damage.
The gnoll hits you with a +2 whip of venom.
You are more poisoned.
Your orc wizard hits the orc wizard but does no damage.
Blork the orc hits you from afar with a +1 vampiric trident!
* * * LOW HITPOINT WARNING * * *
Unknown command.
Okay, then.
Throw: 11 boomerangs
Press: ? - help, Q - select action, (/) - cycle Shift-Dir - straight line, f/p - gnoll
Aim: a gnoll, wielding a +0 heavy flail (60% to hit)
You throw a boomerang. The boomerang barely misses the gnoll.
The boomerang hits Blork the orc.
Flame seeps out of Blork the orc.
You feel sick.
Blork the orc is engulfed in blazing flames.
Flame seeps out of Blork the orc.
You block Blork the orc's attack.
The gnoll barely misses your orc wizard.
You block the gnoll's attack.
The gnoll hits you with a +2 whip of venom.
* * * LOW HITPOINT WARNING * * *
You are more poisoned.
Your orc wizard closely misses the orc wizard.
Your orc wizard hits the orc wizard with a +0 dagger.
The gnoll hits you from afar with a +0 spear.
* * * LOW HITPOINT WARNING * * *
The gnoll hits you but does no damage.
Blork the orc is engulfed in blazing flames.
Blork the orc explodes!
The fiery explosion engulfs the orc!!
The fiery explosion engulfs the gnoll!!!
You kill the gnoll!
The fiery explosion engulfs the gnoll!!!
The fiery explosion engulfs the orc wizard!!!
You kill the orc wizard!
The gnoll explodes!
The fiery explosion engulfs you!!!
Ouch! That really hurt!
You die...

##.#....#########.########....#.<
##.#.........)...........'.......
...#....##............####....#..
...#....##.#####......####....#..
...###.###.# #.................
...###.#.#.# #..............#.#
.........#.# #......#######.#..
.........#.# ##......## #.#.#
...........# #§@§...... #.#.#
...###.########.§§...... #.#.#
...# #.# ..#§○###.... #.#.#
...###.# #.#§§# ... #....
.......#.####>#go# . ###..
######.#.........### ###
$....#.#####.......#
.....#......g......# ####
.._$$#.o####.......# #8..


You could see a gnoll and a friendly orc wizard (charmed, inner flame, unaware).

Vanquished Creatures
  Sigmund (D:6)
  Menkaure (D:6)
  2 water moccasins
  Pargi (Sewer)
  A black bear (D:6)
  An ice beast (D:6)
  A phantom (D:4)
  Blork the orc (D:6)
  A scorpion (D:5)
  2 howler monkeys
  3 jellies
  A hound (D:5)
  3 sleepcaps
  An iron imp (D:3)
  3 iguanas (D:5)
  An orc wizard (D:6)
  5 gnolls
  8 adders
  2 worms
  A dart slug (D:1)
  5 orcs
  9 ball pythons
  10 endoplasms
  10 giant cockroaches
  4 goblins
  6 hobgoblins
  3 quokkas
  13 bats
  7 frilled lizards
  3 kobolds
  4 rats
114 creatures vanquished.

Vanquished Creatures (collateral kills)
  An ice beast (D:5)
1 creature vanquished.

Grand Total: 115 creatures vanquished

Notes
Turn   | Place    | Note
-------+----------+-------------------------------------------
     0 | D:1      | NinjaNoafa the Armataur Fighter began the quest for the
                  | Orb.
     0 | D:1      | Reached XP level 1. HP: 19/19 MP: 1/1
    56 | D:1      | Reached skill level 2 in Maces & Flails
   106 | D:1      | Reached XP level 2. HP: 26/26 MP: 2/2
   503 | D:1      | Reached skill level 3 in Maces & Flails
   818 | D:2      | Reached XP level 3. HP: 32/32 MP: 3/3
  1232 | D:2      | Reached XP level 4. HP: 38/39 MP: 4/4
  1236 | D:2      | Reached skill level 4 in Maces & Flails
  1519 | D:3      | Found a snail-covered altar of Cheibriados.
  1608 | D:3      | Found a transporter.
  1616 | D:3      | Noticed a small abomination
  1627 | D:3      | Found a transporter.
  1729 | D:3      | Reached XP level 5. HP: 42/44 MP: 5/5
  1768 | D:3      | Reached skill level 5 in Maces & Flails
  1903 | D:3      | Found a one-way gate to the infinite horrors of the Abyss.
  2212 | D:4      | Upgraded the game from 0.31-a0-202-g547052bce9 to
                  | 0.31-a0-204-g7da18cac08
  2405 | D:4      | Found Gimahas's CLEARANCE SALE!.
  2637 | D:5      | Entered Level 5 of the Dungeon
  2637 | D:5      | Noticed a phantom
  2677 | D:5      | Noticed an ice beast
  2691 | D:5      | Killed an ice beast
  2692 | D:5      | Reached skill level 6 in Maces & Flails
  2692 | D:5      | Reached XP level 6. HP: 27/53 MP: 6/6
  2821 | D:5      | Reached skill level 7 in Maces & Flails
  2821 | D:5      | Reached XP level 7. HP: 49/59 MP: 7/7
  2861 | D:5      | Found a glowing drain.
  2879 | Sewer    | Entered a sewer
  2968 | Sewer    | Noticed Pargi
  2985 | Sewer    | Killed Pargi
  3114 | D:5      | Reached skill level 8 in Maces & Flails
  3481 | D:6      | Found Isekhlumu's Armour Emporium.
  3484 | D:6      | Noticed Menkaure
  3486 | D:6      | Reached XP level 8. HP: 60/66 MP: 8/8
  3520 | D:6      | Reached skill level 9 in Maces & Flails
  3713 | D:6      | Killed Menkaure
  3782 | D:6      | Found The Oracle's Delphic Readings.
  3864 | D:6      | Bought a scroll of immolation for 60 gold pieces
  3864 | D:6      | Bought a scroll of vulnerability for 60 gold pieces
  3864 | D:6      | Bought a scroll of teleportation for 45 gold pieces
  3864 | D:6      | Bought a scroll of teleportation for 45 gold pieces
  3962 | D:6      | Noticed Sigmund
  3975 | D:6      | Killed Sigmund
  3976 | D:6      | Reached skill level 10 in Maces & Flails
  4007 | D:6      | Found a stormy altar of Qazlal.
  4019 | D:6      | Noticed Blork the orc
  4040 | D:6      | Killed Blork the orc
  4040 | D:6      | Killed by an exploding gnoll... ignited by their inner
                  | flame

Illustrated notes

Levels and vault maps discovered:
D:1:      lemuel_arrival_river_ford, layout_basic, minmay_misc_feat_hallway
D:2:      minmay_recursive_quarters, layout_loops_cross,
          kennysheep_generic_room_3
D:3:      layout_basic, slow_altar_1, gammafunk_ghost_abyssal_escape,
          minmay_misc_feat_encased
D:4:      layout_rooms, nicolae_shop_clearance
D:5:      layout_cave_pools, portal_sewer_entry_f, mrwooster_statue_mirror
D:6:      layout_basic, amcnicky_altar_gilded, serial_shops,
          nicolae_shop_waterfront, nicolae_nh_oracle_at_delphi, uniq_sigmund,
          uniq_menkaure, uniq_blork_the_orc, uniq_crazy_yiuf_cottage

Skill      XL: |  1  2  3  4  5  6  7  8 |
---------------+-------------------------+-----
Maces & Flails | 2 3 4 6 7 8 10 | 10.1
Fighting       | |  2.6
Armour         | |  3.6
Shields        | |  3.2

Action                     |  1- 3 |  4- 6 |  7- 9 || total
---------------------------+-------+-------+-------++-------
  Melee: Flail             |   110 |   155 |   134 ||   399
         Tailslap          |    12 |    18 |    10 ||    40
  Throw: Boomerang         |       |       |     3 ||     3
  Evoke: Wand              |       |     1 |     1 ||     2
    Use: Scroll            |       |     6 |     4 ||    10
 Armour: Scale mail        |    21 |       |       ||    21
         Chain mail        |    54 |    87 |    74 ||   215
  Dodge: Dodged            |    25 |    35 |    24 ||    84
  Block: Buckler           |    24 |    24 |    40 ||    88

Table legend: (Time is in decaauts)
 A = Elapsed time spent in this place.
 B = Non-inter-level travel time spent in this place.
 C = Inter-level travel time spent in this place.
 D = Time resting spent in this place.
 E = Time spent auto-exploring this place.
 F = Levels seen in this place.
 G = Mean time per level.
                   A        B        C        D        E       F      G
               +--------+--------+--------+--------+--------+-----+--------+
         Total |   4108 |   3771 |    337 |    200 |   2475 |   7 |  586.9 |
       Dungeon |   3936 |   3599 |    337 |    200 |   2382 |   6 |  656.0 |
         Sewer |    171 |    171 |      0 |      0 |     93 |   1 |  171.0 |
               +--------+--------+--------+--------+--------+-----+--------+

Top non-repeatable levels by time:
     D:2: 758 daAuts
     D:3: 755 daAuts
     D:1: 744 daAuts
     D:5: 612 daAuts
     D:4: 550 daAuts
     D:6: 516 daAuts
   Sewer: 171 daAuts
